 Dungeon Crawl Stone Soup version 0.15.0-13-gb296d5c (webtiles) character file.

120 Kashira the Sneak (level 5, -4/43 HPs)
             Began as a Naga Enchanter on Sept 2, 2014.
             Slain by Grinder (5 damage)
             ... on Level 4 of the Dungeon.
             The game lasted 00:12:17 (2165 turns).

Kashira the Sneak (Naga Enchanter)                  Turns: 2165, Time: 00:12:17

HP  -4/43        AC  3     Str 11      XL: 5   Next:  4%
MP   8/10        EV 10     Int 20      God:
Gold 140         SH  0     Dex 12      Spells:  3 memorised,  2 levels left

rFire  + . .     SeeInvis +     m - +0 dagger (venom)
rCold  . . .     Clarity  .     h - +0 leather armour
rNeg   . . .     rCorr    .     (no shield)
rPois  +         rRot     .     (no helmet)
rElec  .         Spirit   .     (no cloak)
SustAb .         Warding  .     (no gloves)
rMut   .         Rnd*Tele +     (no barding)
Gourm  .                        s - amulet of rage
MR     .....                    y - ring of teleportation
                                t - ring of protection from fire

@: brilliant, very slightly contaminated, very slow, not resistant to hostile
enchantments, fairly stealthy
A: spit poison, see invisible, deformed body, poison resistance, slowness 2, AC
+1
a: Spit Poison, Evoke Berserk Rage, Evoke Teleportation


You were on level 4 of the Dungeon.
You were not hungry.

You visited 1 branch of the dungeon, and saw 4 of its levels.

You collected 140 gold pieces.

Inventory:

Hand weapons
 m - a +0 dagger of venom (weapon)
Missiles
 i - 3 poisoned javelins (quivered)
Armour
 b - a +1 robe
 h - a +0 leather armour (worn)
Comestibles
 l - a meat ration
 x - 2 beef jerkies
Scrolls
 a - 2 scrolls of remove curse
 r - a scroll of fog
Jewellery
 s - an amulet of rage (around neck)
 t - a ring of protection from fire (left hand)
 v - an uncursed amulet of stasis
 y - a ring of teleportation (right hand)
Potions
 e - 2 potions of brilliance
 p - a potion of magic {unknown}
 q - a potion of degeneration {unknown}
Books
 c - a book of Maledictions

   Spells                             Type                      Level
   *Corona                            Hexes                        1
   Sure Blade                         Hexes/Charms                 2
   Ensorcelled Hibernation            Hexes/Ice                    2
   *Confuse                           Hexes                        3
   *Dazzling Spray                    Conjuration/Hexes            3
   Enslavement                        Hexes                        4
 n - a book of the Earth

   Spells                             Type                      Level
   Leda's Liquefaction                Hexes/Earth                  4
   Bolt of Magma                      Conjuration/Fire/Earth       5
   Statue Form                        Transmutation/Earth          6
   Iron Shot                          Conjuration/Earth            6
   Shatter                            Earth                        9


   Skills:
 + Level 0.8 Fighting
 - Level 1.0 Short Blades
 + Level 1.4 Armour
 + Level 2.2 Dodging
 - Level 4.4 Stealth
 + Level 2.9 Spellcasting
 + Level 0.2 Conjurations
 + Level 3.7 Hexes


You had 2 spell levels left.
You knew the following spells:

 Your Spells              Type           Power        Failure   Level  Hunger
a - Corona                Hex            ####...      1%          1    None
b - Dazzling Spray        Conj/Hex       ###.....     2%          3    ###....
c - Confuse               Hex            ####....     1%          3    ###....


Dungeon Overview and Level Annotations

Branches:
Dungeon (4/15)
 Temple: D:4-7

Altars:

Annotations:
D:4 Grinder


Innate Abilities, Weirdness & Mutations

You cannot wear boots.
You can spit poison.
Your serpentine skin is tough (AC +1).
You have supernaturally acute eyesight.
Armour fits poorly on your strangely shaped body.
Your system is resistant to poisons.
You cover ground very slowly.


Message History

Read which item? (? for menu, Esc to quit)
As you read the scroll labeled UPEATE PNENE, it crumbles to dust.
You feel aware of your surroundings.
It was a scroll of magic mapping.
Grinder closely misses you.
Read which item? (? for menu, Esc to quit)
As you read the scroll labeled QUKLEG ONYLO, it crumbles to dust.
Forget which spell ([?*] list [ESC] exit)?
Forget which spell ([?*] list [ESC] exit)?
You don't know that spell.
Forget which spell ([?*] list [ESC] exit)?
Okay, then.
It was a scroll of amnesia.
Grinder barely misses you.
Drink which item? (? for menu, Esc to quit)
You feel clever all of a sudden.
It was a potion of brilliance.
Grinder barely misses you.
Drink which item? (? for menu, Esc to quit)
It has a very clean taste.
It was a potion of cure mutation.
Grinder hits you.
* * * LOW HITPOINT WARNING * * *
You writhe in agony.
You die...

**,,.,****,,,,**,,,,
**,...#*,,,,,*,,,,, *
*,...##,,,,*,,,,,, **
**.$....,,,,,,,,,,
,*** *.......,,,,,,,,,
,,,**
*.......,,,,,,,,,
,,,,*
*.......,,,,,,,,,
,****
##5.......,,**,,,, **
##@........,,***,,,
####.#####....,,,***,,
######...##
**,,,,,,***,,
#........#
**,,,,,,**,,
*#..####..#
****,,,***, *<,**
#..## ***,,,,, *,,*
##..# **,,,, **,**
#..# ### **,** *,,*
##.## ####.# ***


You could see Grinder.

Vanquished Creatures
  A hound (D:4)
  2 adders
  A worm (D:2)
  3 giant geckos (D:2)
  7 bats
  3 giant cockroaches
  9 goblins
  9 hobgoblins
  3 quokkas
  2 ball pythons
  A giant newt (D:1)
  9 kobolds
  7 rats
57 creatures vanquished.

Notes
Turn   | Place    | Note
--------------------------------------------------------------
     0 | D:1      | Kashira, the Naga Enchanter, began the quest for the Orb.
     0 | D:1      | Reached XP level 1. HP: 15/15 MP: 3/3
   255 | D:1      | Reached XP level 2. HP: 20/22 MP: 4/4
   620 | D:2      | Reached XP level 3. HP: 28/28 MP: 4/6
   995 | D:2      | Learned a level 3 spell: Dazzling Spray
  1022 | D:2      | Learned a level 3 spell: Confuse
  1271 | D:2      | Reached XP level 4. HP: 37/37 MP: 8/8
  1435 | D:3      | Reached skill level 1 in Armour
  2137 | D:4      | Noticed Grinder
  2145 | D:4      | Reached XP level 5. HP: 37/43 MP: 10/10
  2148 | D:4      | Paralysed by Grinder for 6 turns
  2165 | D:4      | HP: 1/43 [Grinder (5)]
  2165 | D:4      | Slain by Grinder

Action                   |  1- 3 |  4- 6 || total
-------------------------+-------+-------++-------
Melee: Dagger            |    59 |    40 ||    99
 Cast: Corona            |     7 |       ||     7
       Dazzling Spray    |       |     5 ||     5
 Abil: Spit Poison       |    41 |    19 ||    60
  Use: Scroll            |       |     9 ||     9
       Potion            |       |     2 ||     2
 Stab: Sleeping          |     2 |     1 ||     3
  Eat: Chunk             |     3 |     3 ||     6
       Bread ration      |       |     1 ||     1
